Flyers vs Blackhawks

Created - 1 avril 2015 at 23:14

Goals
1 2 3 T
Flyers 0 1 0 1
Blackhawks 1 1 1 3
Shots
1 2 3 T
Flyers 7 13 10 30
Blackhawks 7 12 11 30

1st period

1. Blackhawks , Robert Nilsson 31 (Henrik Zetterberg, Jeff Schultz) at 5:08

Penalties :
Martin St. Louis (Phi) for Tripping (Minor) at 12:01

2nd period

2. Flyers , Eric Brewer 4 (Stephane Robidas, Matthew Lombardi) at 8:04
3. Blackhawks , Steve Bernier 13 (Robert Nilsson, Henrik Zetterberg) at 14:43

Penalties :
Eric Brewer (Phi) for Holding (Minor) at 5:31, Henrik Zetterberg (Chi) for Hooking (Minor) at 12:29, Jamie Langenbrunner (Chi) for Holding (Minor) at 17:04

3rd period

4. Blackhawks , Dominic Moore 19 (Wes O'Neill, John Carlson) at 12:40

Penalties :
Steve Bernier (Chi) for Roughing (Minor) at 2:23, Wes O'Neill (Chi) for Hooking (Minor) at 8:53, Martin St. Louis (Phi) for Hooking (Minor) at 18:55

Goalie Stats

Niklas Backstrom (Phi), 27 saves from 30 shots - (0,900), L, 6-11-1, 60:00 minutes
Roberto Luongo (Chi), 29 saves from 30 shots - (0,967), W, 34-26-8, 60:00 minutes

Players Stats for Flyers

Player Name              G  A  P  +/- PIM S  H  SB GA TA FO     MP     PP MP  PK MP  
------------------------------------------------------------------------------------
Eric Brewer              1  0  1   0  2   4  1  2  0  1  0/0    23:12   4:07   0:32 
Hnat Domenichelli        0  0  0  -2  0   1  1  1  0  0  0/0    10:17   0:00   1:11 
Jarome Iginla            0  0  0   0  0   2  1  0  2  0  0/2    18:43   3:59   0:00 
Jeff Carter              0  0  0   0  0   1  1  0  0  0  12/25  18:13   3:57   1:10 
Jeff O'Neill             0  0  0  -2  0   1  0  0  0  0  0/2     9:43   0:00   0:13 
Jeff Woywitka            0  0  0  -1  0   1  1  0  0  0  0/0    23:37   3:49   1:30 
Jonathan Ericsson        0  0  0  -1  0   0  3  0  0  0  0/0    23:04   4:07   2:38 
Kyle Wellwood            0  0  0   0  0   5  1  1  0  0  9/16   19:48   3:59   0:58 
Martin St. Louis         0  0  0   0  4   1  3  0  0  1  0/0    17:18   3:57   0:00 
Matthew Lombardi         0  1  1   0  0   3  1  0  1  0  4/8    12:52   0:00   2:41 
Michael Ryder            0  0  0  -1  0   2  0  0  0  1  0/0    10:20   0:00   0:13 
Mike York                0  0  0   0  0   3  0  0  0  1  0/0    17:35   3:57   0:14 
Nils Ekman               0  0  0  -1  0   0  2  0  0  0  0/0    12:20   0:00   2:39 
Petr Schastlivy          0  0  0  -1  0   2  0  0  0  0  0/0     9:54   0:00   0:00 
Randy Jones              0  0  0   0  0   0  2  1  0  0  0/0    14:14   0:00   2:51 
Scott Hartnell           0  0  0   0  0   2  1  0  2  0  0/0    19:43   3:59   0:58 
Stephane Robidas         0  1  1   0  0   2  2  1  1  0  0/0    22:15   3:49   1:26 
Trevor Daley             0  0  0  -1  0   0  1  1  0  1  0/0    11:47   0:00   0:54 

Players Stats for Blackhawks

Player Name              G  A  P  +/- PIM S  H  SB GA TA FO     MP     PP MP  PK MP  
------------------------------------------------------------------------------------
Chris Higgins            0  0  0   0  0   5  1  0  1  0  1/3    13:53   2:28   1:51 
Daniel Carcillo          0  0  0  -1  0   0  0  0  0  1  0/0    11:49   0:00   1:33 
Dominic Moore            1  0  1   1  0   2  2  0  0  1  8/16   15:18   0:04   4:30 
George Parros            0  0  0   0  0   2  0  0  1  0  1/1     9:37   0:00   0:00 
Henrik Zetterberg        0  2  2   2  2   3  1  0  0  0  1/1    17:31   2:34   0:11 
Jamie Langenbrunner      0  0  0   1  2   2  1  0  0  0  0/0    18:28   2:24   3:34 
Jeff Schultz             0  1  1   2  0   2  0  0  0  1  0/0    20:20   0:55   4:15 
John Carlson             0  1  1   1  0   1  0  0  0  0  0/0    17:07   2:08   1:03 
Johnny Oduya             0  0  0   1  0   1  4  1  0  0  0/0    23:52   2:43   3:41 
Kris Versteeg            0  0  0   0  0   1  2  0  0  0  0/0    14:14   2:34   0:00 
Niclas Wallin            0  0  0   0  0   0  0  3  0  1  0/0    13:51   0:00   0:00 
Oleg Kvasha              0  0  0  -1  0   2  0  0  1  1  0/0    11:08   0:00   0:52 
Robert Nilsson           1  1  2   2  0   4  2  0  1  0  11/22  17:24   2:34   0:11 
Scott Gomez              0  0  0   0  0   2  0  1  0  0  5/8    15:50   2:28   1:35 
Sheldon Keefe            0  0  0  -1  0   1  2  1  0  0  0/1    11:35   0:00   1:35 
Steve Bernier            1  0  1   2  2   1  0  0  1  0  1/1    15:02   0:00   0:00 
Steve McCarthy           0  0  0   0  0   0  2  3  0  1  0/0    23:47   2:11   4:15 
Wes O'Neill              0  1  1   1  2   1  1  0  0  0  0/0    21:14   2:07   2:38 

3 Stars

1 - Robert Nilsson (Chi)
2 - Roberto Luongo (Chi)
3 - Dominic Moore (Chi)

Power Play

Flyers - 0 on 4 Attempt(s) - 0,00%
Blackhawks - 0 on 3 Attempt(s) - 0,00%

Penalty Kill

Flyers - 3 on 3 Attempt(s) - 100,00% - Score 0 goal in Penalty Kill
Blackhawks - 4 on 4 Attempt(s) - 100,00% - Score 0 goal in Penalty Kill

Team Stat

Flyers - Hits : 21 - Faceoff Wins : 25 - Blocked Shots : 7 - Penalty Minutes : 6
Blackhawks - Hits : 18 - Faceoff Wins : 28 - Blocked Shots : 9 - Penalty Minutes : 8

Official

Referees : Pollock Kevin and Fraser Kerry
Linesman : Mark Pare and Tony Sericolo

Game Notes

No Game Note

Finance

Level 1 -- Attendance: 5101 (85,02%) -- Ticket Income 448 888 $
Level 2 -- Attendance: 3700 (74,00%) -- Ticket Income 196 100 $
Level 3 -- Attendance: 1437 (71,85%) -- Ticket Income 48 858 $
Level 4 -- Attendance: 2769 (69,23%) -- Ticket Income 60 918 $
Luxury Box -- Attendance: 1000 (100,00%) -- Ticket Income 165 000 $
Game was played at the Chicago Stadium'
Total Attendance: 14007 (77,82%)
Total Ticket Income: 919 764 $
Other Income: 137 965 $
Total Income: 1 057 729 $

Flyers

5 vs 5 Forward 
   Center                   Left Wing                Right Wing               Time % Phy DF OF 
 1 Kyle Wellwood            Scott Hartnell           Jarome Iginla            40     1   2  2  
 2 Jeff Carter              Mike York                Martin St. Louis         40     1   2  2  
 3 Matthew Lombardi         Petr Schastlivy          Michael Ryder            15     1   2  2  
 4 Jeff O'Neill             Hnat Domenichelli        Nils Ekman               5      1   2  2  

5 vs 5 Defense 
   Defense                  Defense                                           Time % Phy DF OF 
 1 Stephane Robidas         Jonathan Ericsson                                 40     1   2  2  
 2 Eric Brewer              Jeff Woywitka                                     40     1   2  2  
 3 Randy Jones              Trevor Daley                                      15     1   4  0  
 4 Eric Brewer              Jeff Woywitka                                     5      1   2  2  

PowerPlay Forward 
   Center                   Left Wing                Right Wing               Time % Phy DF OF 
 1 Kyle Wellwood            Scott Hartnell           Jarome Iginla            50     1   2  2  
 2 Jeff Carter              Mike York                Martin St. Louis         50     1   2  2  

PowerPlay Defense
   Defense                  Defense                                           Time % Phy DF OF 
 1 Stephane Robidas         Jeff Woywitka                                     50     1   2  2  
 2 Eric Brewer              Jonathan Ericsson                                 50     1   2  2  

Penalty Kill 4 Players Forward 
   Center                   Wing                     Time % Phy DF OF 
 1 Matthew Lombardi         Nils Ekman               60     0   5  0  
 2 Kyle Wellwood            Scott Hartnell           40     0   5  0  

Penalty Kill 4 Players Defense
   Defense                  Defense                  Time % Phy DF OF 
 1 Randy Jones              Jonathan Ericsson        60     0   5  0  
 2 Jeff Woywitka            Eric Brewer              40     0   5  0  

Penalty Kill - 3 Players Forward 
   Forward                                           Time % Phy DF OF 
 1 Matthew Lombardi                                  60     0   5  0  
 2 Kyle Wellwood                                     40     0   5  0  

Penalty Kill - 3 Players Defense
   Defense                  Defense                  Time % Phy DF OF 
 1 Jonathan Ericsson        Randy Jones              60     0   5  0  
 2 Eric Brewer              Jeff Woywitka            40     0   5  0  

4 vs 4 Forward 
   Center                   Wing                     Time % Phy DF OF 
 1 Jeff Carter              Martin St. Louis         50     1   2  2  
 2 Kyle Wellwood            Jarome Iginla            50     1   2  2  

4 vs 4 Defense
   Defense                  Defense                  Time % Phy DF OF 
 1 Stephane Robidas         Jeff Woywitka            50     1   2  2  
 2 Eric Brewer              Jonathan Ericsson        50     1   2  2  

Last Minutes Offensive
   Center                   Left Wing                Right Wing               Defense                  Defense                  
   Jeff Carter              Scott Hartnell           Jarome Iginla            Stephane Robidas         Jeff Woywitka            

Last Minutes Defensive
   Center                   Left Wing                Right Wing               Defense                  Defense                  
   Martin St. Louis         Scott Hartnell           Matthew Lombardi         Jeff Woywitka            Jonathan Ericsson        

Goaltenders
Starting : Niklas Backstrom         
Backup : Adam Munro               

Extra Forwards
Normal : Jeff Carter, Jarome Iginla, Martin St. Louis - PP : Jeff Carter, Jarome Iginla - PK : Matthew Lombardi
Extra Defensemen
Normal : Stephane Robidas, Jeff Woywitka, Jonathan Ericsson - PP : Stephane Robidas - PK : Jeff Woywitka, Jonathan Ericsson
Penalty Shots
Jeff Carter, Jarome Iginla, Martin St. Louis, Michael Ryder, Jeff O'Neill

Blackhawks

5 vs 5 Forward 
   Center                   Left Wing                Right Wing               Time % Phy DF OF 
 1 Robert Nilsson           Henrik Zetterberg        Steve Bernier            40     1   2  2  
 2 Scott Gomez              Kris Versteeg            Jamie Langenbrunner      30     1   2  2  
 3 Dominic Moore            Chris Higgins            George Parros            20     1   2  2  
 4 Oleg Kvasha              Daniel Carcillo          Sheldon Keefe            10     1   2  2  

5 vs 5 Defense 
   Defense                  Defense                                           Time % Phy DF OF 
 1 Johnny Oduya             Steve McCarthy                                    40     1   2  2  
 2 Jeff Schultz             Wes O'Neill                                       30     1   2  2  
 3 Niclas Wallin            John Carlson                                      20     1   2  2  
 4 Johnny Oduya             Steve McCarthy                                    10     1   2  2  

PowerPlay Forward 
   Center                   Left Wing                Right Wing               Time % Phy DF OF 
 1 Robert Nilsson           Henrik Zetterberg        Kris Versteeg            60     1   2  2  
 2 Scott Gomez              Chris Higgins            Jamie Langenbrunner      40     1   2  2  

PowerPlay Defense
   Defense                  Defense                                           Time % Phy DF OF 
 1 Johnny Oduya             John Carlson                                      60     1   2  2  
 2 Steve McCarthy           Wes O'Neill                                       40     1   2  2  

Penalty Kill 4 Players Forward 
   Center                   Wing                     Time % Phy DF OF 
 1 Dominic Moore            Jamie Langenbrunner      60     1   2  2  
 2 Scott Gomez              Sheldon Keefe            40     1   2  2  

Penalty Kill 4 Players Defense
   Defense                  Defense                  Time % Phy DF OF 
 1 Jeff Schultz             Steve McCarthy           60     1   2  2  
 2 Johnny Oduya             Wes O'Neill              40     1   2  2  

Penalty Kill - 3 Players Forward 
   Forward                                           Time % Phy DF OF 
 1 Henrik Zetterberg                                 60     1   2  2  
 2 Robert Nilsson                                    40     1   2  2  

Penalty Kill - 3 Players Defense
   Defense                  Defense                  Time % Phy DF OF 
 1 Johnny Oduya             Steve McCarthy           60     1   2  2  
 2 Jeff Schultz             Wes O'Neill              40     1   2  2  

4 vs 4 Forward 
   Center                   Wing                     Time % Phy DF OF 
 1 Robert Nilsson           Henrik Zetterberg        60     1   2  2  
 2 Scott Gomez              Kris Versteeg            40     1   2  2  

4 vs 4 Defense
   Defense                  Defense                  Time % Phy DF OF 
 1 Johnny Oduya             Steve McCarthy           60     1   2  2  
 2 Jeff Schultz             Wes O'Neill              40     1   2  2  

Last Minutes Offensive
   Center                   Left Wing                Right Wing               Defense                  Defense                  
   Robert Nilsson           Henrik Zetterberg        George Parros            Johnny Oduya             Steve McCarthy           

Last Minutes Defensive
   Center                   Left Wing                Right Wing               Defense                  Defense                  
   Robert Nilsson           Henrik Zetterberg        George Parros            Johnny Oduya             Steve McCarthy           

Goaltenders
Starting : Roberto Luongo           
Backup : Jocelyn Thibault         

Extra Forwards
Normal : Dominic Moore, Oleg Kvasha, Chris Higgins - PP : Dominic Moore, Oleg Kvasha - PK : Chris Higgins
Extra Defensemen
Normal : Niclas Wallin, John Carlson, Jeff Schultz - PP : Niclas Wallin - PK : John Carlson, Jeff Schultz
Penalty Shots
Henrik Zetterberg, Robert Nilsson, Kris Versteeg, Scott Gomez, Sheldon Keefe

% Time on Ice - Flyers

Lines # - Real PCT - Wanted PCT - Time Play
Normal Forward
1 - 33% - 40% - 15:35
2 - 31% - 40% - 14:26
3 - 20% - 15% - 9:25
4 - 16% - 5% - 7:36
Normal Defense
1 - 37% - 40% - 17:30
2 - 38% - 40% - 17:56
3 - 23% - 15% - 10:39
4 - 2% - 5% - 0:57
PP Forward
1 - 50% - 50% - 3:59
2 - 50% - 50% - 3:57
PP Defense
1 - 48% - 50% - 3:49
2 - 52% - 50% - 4:07
PK Forward
1 - 81% - 60% - 4:04
2 - 19% - 40% - 0:58
PK Defense
1 - 59% - 60% - 2:57
2 - 41% - 40% - 2:05
PK3 Forward
1 - 0% - 60%
2 - 0% - 40%
PK3 Defense
1 - 0% - 60%
2 - 0% - 40%
44 Forward
1 - 0% - 50%
2 - 0% - 50%
44 Defense
1 - 0% - 50%
2 - 0% - 50%
Last Minute Offensive  - 0:00
Last Minute Defensive  - 0:00
Total
Forward - 60:00
Defense - 60:00

% Time on Ice - Blackhawks

Lines # - Real PCT - Wanted PCT - Time Play
Normal Forward
1 - 37% - 40% - 17:29
2 - 25% - 30% - 11:58
3 - 17% - 20% - 7:48
4 - 21% - 10% - 9:47
Normal Defense
1 - 34% - 40% - 15:59
2 - 39% - 30% - 18:15
3 - 25% - 20% - 11:54
4 - 2% - 10% - 0:54
PP Forward
1 - 51% - 60% - 2:34
2 - 49% - 40% - 2:28
PP Defense
1 - 48% - 60% - 2:26
2 - 52% - 40% - 2:36
PK Forward
1 - 80% - 60% - 6:21
2 - 20% - 40% - 1:35
PK Defense
1 - 54% - 60% - 4:15
2 - 46% - 40% - 3:41
PK3 Forward
1 - 0% - 60%
2 - 0% - 40%
PK3 Defense
1 - 0% - 60%
2 - 0% - 40%
44 Forward
1 - 0% - 60%
2 - 0% - 40%
44 Defense
1 - 0% - 60%
2 - 0% - 40%
Last Minute Offensive  - 0:00
Last Minute Defensive  - 0:00
Total
Forward - 60:00
Defense - 60:00

Play by Play

1st period


0:01 of 1st period - Kyle Wellwood wins face-off versus Robert Nilsson in neutral zone.
0:16 of 1st period - Slapshot by Jarome Iginla.
0:16 of 1st period - Shot Misses the Net.
0:34 of 1st period - Steve McCarthy is hit by Jeff Carter and loses puck.
0:58 of 1st period - Wrist shot by Chris Higgins.
0:58 of 1st period - Stopped by Niklas Backstrom with a rebound.
1:50 of 1st period - Snap shot by Scott Gomez.
1:50 of 1st period - Stopped by Niklas Backstrom with a rebound.
1:52 of 1st period - Wrist shot by Jeff Schultz.
1:52 of 1st period - Deflect By Kris Versteeg.
1:52 of 1st period - Stopped by Niklas Backstrom without a rebound.
1:53 of 1st period - Robert Nilsson wins face-off versus Jeff Carter in Flyers zone.
2:19 of 1st period - Icing by Martin St. Louis.
2:20 of 1st period - Dominic Moore wins face-off versus Jarome Iginla in Flyers zone.
2:33 of 1st period - Wrist shot by George Parros.
2:33 of 1st period - Stopped by Niklas Backstrom without a rebound.
2:34 of 1st period - Matthew Lombardi wins face-off versus Scott Gomez in Flyers zone.
2:43 of 1st period - Snap shot by Matthew Lombardi.
2:43 of 1st period - Stopped by Roberto Luongo without a rebound.
2:44 of 1st period - Scott Gomez wins face-off versus Matthew Lombardi in Blackhawks zone.
2:57 of 1st period - Snap shot by Petr Schastlivy.
2:57 of 1st period - Stopped by Roberto Luongo with a rebound.
3:19 of 1st period - Snap shot by Michael Ryder.
3:19 of 1st period - Shot Misses the Net.
3:21 of 1st period - Slapshot by Jeff Woywitka.
3:21 of 1st period - Shot Blocked by Johnny Oduya.
3:23 of 1st period - Wrist shot by Michael Ryder.
3:23 of 1st period - Stopped by Roberto Luongo with a rebound.
3:25 of 1st period - Slapshot by Petr Schastlivy.
3:25 of 1st period - Stopped by Roberto Luongo without a rebound.
3:26 of 1st period - Robert Nilsson wins face-off versus Kyle Wellwood in Blackhawks zone.
3:26 of 1st period - Robert Nilsson is hit by Stephane Robidas.
3:39 of 1st period - Snap shot by Scott Hartnell.
3:39 of 1st period - Stopped by Roberto Luongo with a rebound.
3:51 of 1st period - Wes O'Neill is hit by Hnat Domenichelli and loses puck.
4:08 of 1st period - Wrist shot by Robert Nilsson.
4:08 of 1st period - Shot Misses the Net.
5:08 of 1st period - Slapshot by Robert Nilsson.
5:08 of 1st period - Goal by Robert Nilsson - Flyers : 0 - Blackhawks : 1.
5:09 of 1st period - Chris Higgins wins face-off versus Jeff Carter in neutral zone.
5:34 of 1st period - Scott Hartnell is hit by Steve McCarthy and loses puck.
5:57 of 1st period - Slapshot by Daniel Carcillo.
5:57 of 1st period - Shot Blocked by Eric Brewer.
6:31 of 1st period - Daniel Carcillo is hit by Jarome Iginla.
6:39 of 1st period - Wrist shot by Daniel Carcillo.
6:39 of 1st period - Shot Blocked by Eric Brewer.
6:55 of 1st period - Snap shot by Jarome Iginla.
6:55 of 1st period - Shot Blocked by Niclas Wallin.
6:57 of 1st period - Slapshot by Eric Brewer.
6:57 of 1st period - Stopped by Roberto Luongo with a rebound.
8:44 of 1st period - Snap shot by Scott Hartnell.
8:44 of 1st period - Shot Misses the Net.
8:46 of 1st period - Snap shot by Jarome Iginla.
8:46 of 1st period - Shot Misses the Net.
9:06 of 1st period - Slapshot by Sheldon Keefe.
9:06 of 1st period - Stopped by Niklas Backstrom with a rebound.
10:11 of 1st period - Snap shot by Daniel Carcillo.
10:11 of 1st period - Shot Misses the Net.
10:34 of 1st period - Snap shot by Jarome Iginla.
10:34 of 1st period - Stopped by Roberto Luongo without a rebound.
10:35 of 1st period - Steve Bernier wins face-off versus Jeff Carter in Blackhawks zone.
10:48 of 1st period - Slapshot by Robert Nilsson.
10:48 of 1st period - Stopped by Niklas Backstrom without a rebound.
10:49 of 1st period - Jeff Carter wins face-off versus Scott Gomez in Flyers zone.
10:56 of 1st period - Snap shot by Jeff Carter.
10:56 of 1st period - Shot Blocked by Steve McCarthy.
11:14 of 1st period - Stephane Robidas is hit by Johnny Oduya and loses puck.
11:43 of 1st period - Jonathan Ericsson is hit by Dominic Moore.
12:01 of 1st period - Minor Penalty to Martin St. Louis for Tripping.
12:02 of 1st period - Robert Nilsson wins face-off versus Matthew Lombardi in Flyers zone.
12:19 of 1st period - Wes O'Neill is hit by Nils Ekman and loses puck.
12:26 of 1st period - Wes O'Neill is hit by Randy Jones and loses puck.
14:01 of 1st period - Penalty to Martin St. Louis is over, Martin St. Louis is back on ice.
14:03 of 1st period - Steve McCarthy is hit by Martin St. Louis and loses puck.
17:29 of 1st period - Icing by Scott Gomez.
17:30 of 1st period - Jeff Carter wins face-off versus Chris Higgins in Blackhawks zone.
17:57 of 1st period - Steve Bernier is hit by Randy Jones and loses puck.
19:52 of 1st period - Icing by Oleg Kvasha.
19:53 of 1st period - Kyle Wellwood wins face-off versus Robert Nilsson in Blackhawks zone.
Goals for this period are 0 for Flyers vs 1 for Blackhawks.
Shots for this period are 7 for Flyers vs 7 for Blackhawks.

2nd period


0:01 of 2nd period - Jeff Carter wins face-off versus Robert Nilsson in neutral zone.
0:04 of 2nd period - Wrist shot by Jeff Carter.
0:04 of 2nd period - Deflect By Martin St. Louis.
0:04 of 2nd period - Stopped by Roberto Luongo with a rebound.
0:51 of 2nd period - Jeff Woywitka is hit by Wes O'Neill and loses puck.
2:17 of 2nd period - Snap shot by Petr Schastlivy.
2:17 of 2nd period - Shot Blocked by Steve McCarthy.
2:19 of 2nd period - Snap shot by Matthew Lombardi.
2:19 of 2nd period - Shot Misses the Net.
2:21 of 2nd period - Snap shot by Michael Ryder.
2:21 of 2nd period - Stopped by Roberto Luongo with a rebound.
2:33 of 2nd period - Slapshot by Chris Higgins.
2:33 of 2nd period - Stopped by Niklas Backstrom without a rebound.
2:34 of 2nd period - Dominic Moore wins face-off versus Jeff O'Neill in Flyers zone.
2:37 of 2nd period - Snap shot by George Parros.
2:37 of 2nd period - Shot Misses the Net.
2:39 of 2nd period - Wrist shot by Wes O'Neill.
2:39 of 2nd period - Deflect By Chris Higgins.
2:39 of 2nd period - Stopped by Niklas Backstrom with a rebound.
2:41 of 2nd period - Slapshot by Jeff Schultz.
2:41 of 2nd period - Deflect By Chris Higgins.
2:41 of 2nd period - Stopped by Niklas Backstrom without a rebound.
2:42 of 2nd period - Robert Nilsson wins face-off versus Jeff Carter in Flyers zone.
2:53 of 2nd period - Snap shot by Henrik Zetterberg.
2:53 of 2nd period - Deflect By Robert Nilsson.
2:53 of 2nd period - Shot Misses the Net.
2:53 of 2nd period - Puck is out of play.
2:54 of 2nd period - Jeff Carter wins face-off versus Robert Nilsson in Flyers zone.
2:54 of 2nd period - Jeff Carter is hit by Henrik Zetterberg.
3:28 of 2nd period - Slapshot by Jeff Schultz.
3:28 of 2nd period - Stopped by Niklas Backstrom with a rebound.
3:30 of 2nd period - Wrist shot by Jamie Langenbrunner.
3:30 of 2nd period - Shot Misses the Net.
3:32 of 2nd period - Snap shot by Scott Gomez.
3:32 of 2nd period - Stopped by Niklas Backstrom with a rebound.
3:34 of 2nd period - Slapshot by Wes O'Neill.
3:34 of 2nd period - Stopped by Niklas Backstrom with a rebound.
3:36 of 2nd period - Slapshot by Jeff Schultz.
3:36 of 2nd period - Stopped by Niklas Backstrom without a rebound.
3:37 of 2nd period - Dominic Moore wins face-off versus Matthew Lombardi in Flyers zone.
4:04 of 2nd period - Jeff Schultz is hit by Martin St. Louis and loses puck.
4:17 of 2nd period - Jeff Woywitka is hit by Robert Nilsson and loses puck.
4:30 of 2nd period - Wrist shot by Kyle Wellwood.
4:30 of 2nd period - Stopped by Roberto Luongo with a rebound.
4:36 of 2nd period - Snap shot by Kyle Wellwood.
4:36 of 2nd period - Stopped by Roberto Luongo without a rebound.
4:37 of 2nd period - Kyle Wellwood wins face-off versus Dominic Moore in Blackhawks zone.
4:40 of 2nd period - Snap shot by Jarome Iginla.
4:40 of 2nd period - Stopped by Roberto Luongo without a rebound.
4:41 of 2nd period - Dominic Moore wins face-off versus Kyle Wellwood in Blackhawks zone.
5:13 of 2nd period - Snap shot by Mike York.
5:13 of 2nd period - Shot Misses the Net.
5:26 of 2nd period - Icing by Henrik Zetterberg.
5:27 of 2nd period - Robert Nilsson wins face-off versus Kyle Wellwood in Blackhawks zone.
5:31 of 2nd period - Minor Penalty to Eric Brewer for Holding.
5:32 of 2nd period - Matthew Lombardi wins face-off versus Robert Nilsson in Flyers zone.
5:46 of 2nd period - Wrist shot by Robert Nilsson.
5:46 of 2nd period - Shot Blocked by Randy Jones.
6:40 of 2nd period - Slapshot by Jeff Woywitka.
6:40 of 2nd period - Shot Blocked by Scott Gomez.
7:31 of 2nd period - Penalty to Eric Brewer is over, Eric Brewer is back on ice.
7:37 of 2nd period - Stephane Robidas is hit by Sheldon Keefe and loses puck.
8:02 of 2nd period - Snap shot by Eric Brewer.
8:02 of 2nd period - Shot Misses the Net.
8:04 of 2nd period - Slapshot by Eric Brewer.
8:04 of 2nd period - Goal by Eric Brewer - Flyers : 1 - Blackhawks : 1.
8:05 of 2nd period - Robert Nilsson wins face-off versus Jeff Carter in neutral zone.
8:20 of 2nd period - Slapshot by Robert Nilsson.
8:20 of 2nd period - Stopped by Niklas Backstrom with a rebound.
8:38 of 2nd period - Wrist shot by Dominic Moore.
8:38 of 2nd period - Shot Misses the Net.
8:40 of 2nd period - Snap shot by Chris Higgins.
8:40 of 2nd period - Shot Misses the Net.
8:42 of 2nd period - Slapshot by Chris Higgins.
8:42 of 2nd period - Shot Misses the Net.
9:02 of 2nd period - Wrist shot by Scott Hartnell.
9:02 of 2nd period - Shot Misses the Net.
9:30 of 2nd period - Snap shot by Jeff O'Neill.
9:30 of 2nd period - Shot Misses the Net.
10:00 of 2nd period - Wrist shot by Chris Higgins.
10:00 of 2nd period - Stopped by Niklas Backstrom without a rebound.
10:01 of 2nd period - Robert Nilsson wins face-off versus Kyle Wellwood in Flyers zone.
10:26 of 2nd period - Jeff Carter is hit by Johnny Oduya and loses puck.
11:19 of 2nd period - Snap shot by Kyle Wellwood.
11:19 of 2nd period - Stopped by Roberto Luongo with a rebound.
11:29 of 2nd period - Hnat Domenichelli is hit by Jamie Langenbrunner and loses puck.
11:33 of 2nd period - Icing by Eric Brewer.
11:34 of 2nd period - Scott Gomez wins face-off versus Jeff O'Neill in Flyers zone.
12:08 of 2nd period - Snap shot by Hnat Domenichelli.
12:08 of 2nd period - Shot Blocked by Niclas Wallin.
12:10 of 2nd period - Snap shot by Hnat Domenichelli.
12:10 of 2nd period - Stopped by Roberto Luongo without a rebound.
12:11 of 2nd period - Jeff Carter wins face-off versus Robert Nilsson in Blackhawks zone.
12:14 of 2nd period - Wrist shot by Mike York.
12:14 of 2nd period - Deflect By Robert Nilsson.
12:14 of 2nd period - Shot Misses the Net.
12:14 of 2nd period - Puck is out of play.
12:15 of 2nd period - Jeff Carter wins face-off versus Robert Nilsson in Blackhawks zone.
12:29 of 2nd period - Minor Penalty to Henrik Zetterberg for Hooking.
12:30 of 2nd period - Dominic Moore wins face-off versus Jarome Iginla in Blackhawks zone.
13:01 of 2nd period - Snap shot by Stephane Robidas.
13:01 of 2nd period - Stopped by Roberto Luongo without a rebound.
13:02 of 2nd period - Jeff Carter wins face-off versus Dominic Moore in Blackhawks zone.
13:05 of 2nd period - Snap shot by Jeff Carter.
13:05 of 2nd period - Shot Misses the Net.
13:23 of 2nd period - Slapshot by Eric Brewer.
13:23 of 2nd period - Stopped by Roberto Luongo with a rebound.
13:25 of 2nd period - Snap shot by Jarome Iginla.
13:25 of 2nd period - Shot Misses the Net.
14:29 of 2nd period - Penalty to Henrik Zetterberg is over, Henrik Zetterberg is back on ice.
14:41 of 2nd period - Snap shot by Robert Nilsson.
14:41 of 2nd period - Shot Misses the Net.
14:43 of 2nd period - Backhand shot by Steve Bernier.
14:43 of 2nd period - Goal by Steve Bernier - Flyers : 1 - Blackhawks : 2.
14:44 of 2nd period - Robert Nilsson wins face-off versus Jeff Carter in neutral zone.
15:10 of 2nd period - Kyle Wellwood is hit by Johnny Oduya and loses puck.
15:17 of 2nd period - Wrist shot by Kris Versteeg.
15:17 of 2nd period - Shot Misses the Net.
15:19 of 2nd period - Wrist shot by Scott Gomez.
15:19 of 2nd period - Shot Misses the Net.
15:55 of 2nd period - Snap shot by Sheldon Keefe.
15:55 of 2nd period - Shot Misses the Net.
15:57 of 2nd period - Wrist shot by Oleg Kvasha.
15:57 of 2nd period - Stopped by Niklas Backstrom with a rebound.
15:59 of 2nd period - Slapshot by Oleg Kvasha.
15:59 of 2nd period - Shot Misses the Net.
16:15 of 2nd period - Wrist shot by Scott Gomez.
16:15 of 2nd period - Shot Misses the Net.
16:17 of 2nd period - Slapshot by Jamie Langenbrunner.
16:17 of 2nd period - Stopped by Niklas Backstrom without a rebound.
16:18 of 2nd period - Henrik Zetterberg wins face-off versus Jeff Carter in Flyers zone.
16:19 of 2nd period - Slapshot by Robert Nilsson.
16:19 of 2nd period - Shot Misses the Net.
16:21 of 2nd period - Wrist shot by Robert Nilsson.
16:21 of 2nd period - Shot Misses the Net.
16:59 of 2nd period - Slapshot by Mike York.
16:59 of 2nd period - Stopped by Roberto Luongo with a rebound.
17:01 of 2nd period - Slapshot by Stephane Robidas.
17:01 of 2nd period - Stopped by Roberto Luongo without a rebound.
17:02 of 2nd period - Scott Gomez wins face-off versus Kyle Wellwood in Blackhawks zone.
17:04 of 2nd period - Minor Penalty to Jamie Langenbrunner for Holding.
17:05 of 2nd period - Kyle Wellwood wins face-off versus Dominic Moore in Blackhawks zone.
17:11 of 2nd period - Slapshot by Scott Hartnell.
17:11 of 2nd period - Shot Misses the Net.
17:13 of 2nd period - Snap shot by Kyle Wellwood.
17:13 of 2nd period - Shot Misses the Net.
17:15 of 2nd period - Snap shot by Kyle Wellwood.
17:15 of 2nd period - Stopped by Roberto Luongo with a rebound.
18:49 of 2nd period - Jeff Carter is hit by Robert Nilsson.
19:04 of 2nd period - Penalty to Jamie Langenbrunner is over, Jamie Langenbrunner is back on ice.
19:37 of 2nd period - Wrist shot by Hnat Domenichelli.
19:37 of 2nd period - Shot Misses the Net.
Goals for this period are 1 for Flyers vs 1 for Blackhawks.
Shots for this period are 13 for Flyers vs 12 for Blackhawks.

3rd period


0:01 of 3rd period - Jeff Carter wins face-off versus Robert Nilsson in neutral zone.
0:08 of 3rd period - Snap shot by Jeff Carter.
0:08 of 3rd period - Shot Misses the Net.
0:14 of 3rd period - Backhand shot by Robert Nilsson.
0:14 of 3rd period - Stopped by Niklas Backstrom with a rebound.
0:16 of 3rd period - Slapshot by Johnny Oduya.
0:16 of 3rd period - Stopped by Niklas Backstrom with a rebound.
1:09 of 3rd period - Wrist shot by George Parros.
1:09 of 3rd period - Stopped by Niklas Backstrom with a rebound.
1:51 of 3rd period - Jamie Langenbrunner is hit by Scott Hartnell and loses puck.
2:12 of 3rd period - Wrist shot by Jeff Woywitka.
2:12 of 3rd period - Stopped by Roberto Luongo without a rebound.
2:13 of 3rd period - Matthew Lombardi wins face-off versus Robert Nilsson in Blackhawks zone.
2:23 of 3rd period - Minor Penalty to Steve Bernier for Roughing.
2:24 of 3rd period - Dominic Moore wins face-off versus Jeff Carter in Blackhawks zone.
2:34 of 3rd period - Jeff Schultz is hit by Stephane Robidas and loses puck.
3:36 of 3rd period - Icing by Mike York.
3:37 of 3rd period - Jeff Carter wins face-off versus Chris Higgins in Flyers zone.
3:37 of 3rd period - Jeff Carter is hit by Chris Higgins.
3:51 of 3rd period - Steve McCarthy is hit by Jeff Woywitka and loses puck.
4:11 of 3rd period - Icing by Martin St. Louis.
4:12 of 3rd period - Scott Gomez wins face-off versus Jeff Carter in Flyers zone.
4:23 of 3rd period - Penalty to Steve Bernier is over, Steve Bernier is back on ice.
4:36 of 3rd period - Snap shot by Henrik Zetterberg.
4:36 of 3rd period - Stopped by Niklas Backstrom without a rebound.
4:37 of 3rd period - Kyle Wellwood wins face-off versus Robert Nilsson in Flyers zone.
4:50 of 3rd period - Snap shot by Henrik Zetterberg.
4:50 of 3rd period - Stopped by Niklas Backstrom with a rebound.
4:52 of 3rd period - Snap shot by Steve Bernier.
4:52 of 3rd period - Shot Blocked by Kyle Wellwood.
4:54 of 3rd period - Snap shot by Steve McCarthy.
4:54 of 3rd period - Shot Blocked by Trevor Daley.
5:04 of 3rd period - Jeff Carter is hit by Johnny Oduya and loses puck.
5:11 of 3rd period - Snap shot by Kris Versteeg.
5:11 of 3rd period - Shot Misses the Net.
5:27 of 3rd period - Wes O'Neill is hit by Trevor Daley and loses puck.
6:12 of 3rd period - Slapshot by Henrik Zetterberg.
6:12 of 3rd period - Shot Misses the Net.
6:14 of 3rd period - Snap shot by Henrik Zetterberg.
6:14 of 3rd period - Stopped by Niklas Backstrom without a rebound.
6:15 of 3rd period - Scott Gomez wins face-off versus Jeff Carter in Flyers zone.
6:29 of 3rd period - Slapshot by Jeff Carter.
6:29 of 3rd period - Stopped by Roberto Luongo with a rebound.
6:31 of 3rd period - Snap shot by Mike York.
6:31 of 3rd period - Shot Blocked by Steve McCarthy.
6:43 of 3rd period - Snap shot by Matthew Lombardi.
6:43 of 3rd period - Stopped by Roberto Luongo without a rebound.
6:44 of 3rd period - Matthew Lombardi wins face-off versus Robert Nilsson in Blackhawks zone.
6:49 of 3rd period - Wrist shot by Petr Schastlivy.
6:49 of 3rd period - Shot Misses the Net.
6:51 of 3rd period - Slapshot by Stephane Robidas.
6:51 of 3rd period - Deflect By Matthew Lombardi.
6:51 of 3rd period - Stopped by Roberto Luongo with a rebound.
8:02 of 3rd period - Snap shot by Jeff Woywitka.
8:02 of 3rd period - Shot Blocked by Sheldon Keefe.
8:04 of 3rd period - Snap shot by Jeff O'Neill.
8:04 of 3rd period - Stopped by Roberto Luongo without a rebound.
8:05 of 3rd period - Robert Nilsson wins face-off versus Jeff Carter in Blackhawks zone.
8:20 of 3rd period - Henrik Zetterberg is hit by Jonathan Ericsson and loses puck.
8:53 of 3rd period - Minor Penalty to Wes O'Neill for Hooking.
8:54 of 3rd period - Jeff Carter wins face-off versus Dominic Moore in Blackhawks zone.
8:59 of 3rd period - Backhand shot by Mike York.
8:59 of 3rd period - Stopped by Roberto Luongo without a rebound.
9:00 of 3rd period - Jeff Carter wins face-off versus Dominic Moore in Blackhawks zone.
9:01 of 3rd period - Slapshot by Mike York.
9:01 of 3rd period - Shot Misses the Net.
9:07 of 3rd period - Mike York is hit by Steve McCarthy and loses puck.
9:14 of 3rd period - Snap shot by Jamie Langenbrunner.
9:14 of 3rd period - Stopped by Niklas Backstrom without a rebound.
9:15 of 3rd period - Dominic Moore wins face-off versus Kyle Wellwood in Flyers zone.
9:40 of 3rd period - Steve McCarthy is hit by Martin St. Louis and loses puck.
9:47 of 3rd period - Snap shot by Mike York.
9:47 of 3rd period - Shot Misses the Net.
9:49 of 3rd period - Wrist shot by Eric Brewer.
9:49 of 3rd period - Stopped by Roberto Luongo without a rebound.
9:50 of 3rd period - Kyle Wellwood wins face-off versus Dominic Moore in Blackhawks zone.
9:53 of 3rd period - Slapshot by Scott Hartnell.
9:53 of 3rd period - Stopped by Roberto Luongo without a rebound.
9:54 of 3rd period - Dominic Moore wins face-off versus Kyle Wellwood in Blackhawks zone.
10:19 of 3rd period - Jeff Carter is hit by Sheldon Keefe and loses puck.
10:30 of 3rd period - John Carlson is hit by Jonathan Ericsson and loses puck.
10:53 of 3rd period - Penalty to Wes O'Neill is over, Wes O'Neill is back on ice.
11:17 of 3rd period - Snap shot by Hnat Domenichelli.
11:17 of 3rd period - Shot Misses the Net.
12:11 of 3rd period - Snap shot by Wes O'Neill.
12:11 of 3rd period - Shot Blocked by Stephane Robidas.
12:27 of 3rd period - Jeff Woywitka is hit by Dominic Moore and loses puck.
12:32 of 3rd period - Snap shot by Dominic Moore.
12:32 of 3rd period - Stopped by Niklas Backstrom with a rebound.
12:34 of 3rd period - Snap shot by Jamie Langenbrunner.
12:34 of 3rd period - Shot Blocked by Hnat Domenichelli.
12:36 of 3rd period - Slapshot by John Carlson.
12:36 of 3rd period - Stopped by Niklas Backstrom with a rebound.
12:40 of 3rd period - Snap shot by Dominic Moore.
12:40 of 3rd period - Goal by Dominic Moore - Flyers : 1 - Blackhawks : 3.
12:41 of 3rd period - Robert Nilsson wins face-off versus Jeff Carter in neutral zone.
13:43 of 3rd period - Slapshot by Jonathan Ericsson.
13:43 of 3rd period - Shot Misses the Net.
13:45 of 3rd period - Wrist shot by Mike York.
13:45 of 3rd period - Stopped by Roberto Luongo with a rebound.
13:49 of 3rd period - Wrist shot by Martin St. Louis.
13:49 of 3rd period - Shot Blocked by Niclas Wallin.
14:05 of 3rd period - Kris Versteeg is hit by Matthew Lombardi and loses puck.
14:16 of 3rd period - Michael Ryder is hit by Kris Versteeg and loses puck.
15:00 of 3rd period - Oleg Kvasha is hit by Kyle Wellwood and loses puck.
15:39 of 3rd period - Steve McCarthy is hit by Jonathan Ericsson and loses puck.
15:43 of 3rd period - Icing by Steve McCarthy.
15:44 of 3rd period - Kyle Wellwood wins face-off versus Scott Gomez in Blackhawks zone.
15:49 of 3rd period - Kyle Wellwood is hit by Kris Versteeg.
15:57 of 3rd period - Slapshot by Kyle Wellwood.
15:57 of 3rd period - Deflect By Jarome Iginla.
15:57 of 3rd period - Shot Misses the Net.
15:57 of 3rd period - Puck is out of play.
15:58 of 3rd period - Kyle Wellwood wins face-off versus Sheldon Keefe in Blackhawks zone.
16:33 of 3rd period - Wrist shot by Daniel Carcillo.
16:33 of 3rd period - Shot Misses the Net.
16:35 of 3rd period - Wrist shot by Oleg Kvasha.
16:35 of 3rd period - Stopped by Niklas Backstrom without a rebound.
16:36 of 3rd period - Jeff Carter wins face-off versus Dominic Moore in Flyers zone.
16:43 of 3rd period - Chris Higgins is hit by Eric Brewer and loses puck.
17:46 of 3rd period - Snap shot by Kyle Wellwood.
17:46 of 3rd period - Stopped by Roberto Luongo with a rebound.
17:57 of 3rd period - Icing by Chris Higgins.
17:58 of 3rd period - George Parros wins face-off versus Jeff Carter in Blackhawks zone.
18:28 of 3rd period - Snap shot by Johnny Oduya.
18:28 of 3rd period - Deflect By Steve Bernier.
18:28 of 3rd period - Shot Misses the Net.
18:28 of 3rd period - Puck is out of play.
18:29 of 3rd period - Kyle Wellwood wins face-off versus Dominic Moore in Flyers zone.
18:55 of 3rd period - Minor Penalty to Martin St. Louis for Hooking.
18:56 of 3rd period - Robert Nilsson wins face-off versus Matthew Lombardi in Flyers zone.
19:23 of 3rd period - Chris Higgins is hit by Nils Ekman and loses puck.
Goals for this period are 0 for Flyers vs 1 for Blackhawks.
Shots for this period are 10 for Flyers vs 11 for Blackhawks.


Output by the SimonT Hockey Simulator (STHS) for François Prévost -- Original Page W3C XHTML 1.0 Valid
Hockey Simulator - Hockey Simulation - Hockey Manager